 Dungeon Crawl Stone Soup version 0.23.1 (webtiles) character file.

Game seed: 1724714888219157232

802 Peloso the Slasher (level 7, -3/61 HPs)
             Began as a Minotaur Fighter on Mar 3, 2019.
             Slain by a wyvern (8 damage)
             ... on level 6 of the Dungeon.
             The game lasted 00:07:22 (3348 turns).

Peloso the Slasher (Minotaur Fighter)               Turns: 3348, Time: 00:07:23

Health: -3/61      AC:  7    Str: 21    XL:     7   Next: 59%
Magic:  15/15      EV:  9    Int:  5    God:
Gold:   237        SH: 10    Dex: 15    Spells: 6/6 levels left

rFire    . . .     SeeInvis .   a - +0 long sword
rCold    . . .     Gourm    .   c - +0 shield
rNeg     . . .     Faith    .   b - +0 scale mail
rPois    .         Spirit   .   (helmet restricted)
rElec    .         Reflect  .   (no cloak)
rCorr    .         Harm     .   (no gloves)
MR       .....                  (no boots)
Stlth    ..........             (no amulet)
HPRegen  0.20/turn              m - +4 ring of dexterity
MPRegen  0.14/turn              q - ring of magical power

@: very slightly contaminated
A: retaliatory headbutt, horns 2
a: no special abilities


You were on level 6 of the Dungeon.
You were not hungry.

You visited 1 branch of the dungeon, and saw 6 of its levels.

You collected 237 gold pieces.

Inventory:

Hand Weapons
 a - a +0 long sword (weapon)
Armour
 b - a +0 scale mail (worn)
 c - a +0 shield (worn)
Jewellery
 h - an uncursed ring of resist corrosion
 m - a +4 ring of dexterity (left hand)
 o - an uncursed ring of protection from cold
 q - a ring of magical power (right hand)
Wands
 e - a wand of polymorph (7)
 j - a wand of flame (9)
 y - a wand of iceblast (6)
Scrolls
 i - a scroll of amnesia
 k - 4 scrolls of remove curse
 p - 3 scrolls of teleportation
 r - a scroll of identify
 v - a scroll of immolation {unknown}
 w - a scroll of random uselessness {unknown}
 A - a scroll of torment {unknown}
Potions
 d - 2 potions of might
 g - a potion of curing
 l - a potion of haste {unknown}
 n - 2 potions of brilliance {unknown}
 u - 2 potions of flight {unknown}
 x - a potion of heal wounds {unknown}
 B - 2 potions of magic {unknown}
Comestibles
 f - 9 rations


   Skills:
 + Level 5.1 Fighting
 + Level 6.4 Long Blades
 + Level 5.9 Armour
 + Level 2.3 Dodging
 + Level 0.3 Stealth
 + Level 6.0 Shields


You had 6 spell levels left.
You didn't know any spells.
Your spell library contained the following spells:

 Spells                   Type           Power        Failure   Level  Hunger
 Flame Tongue             Conj/Fire      #....        99%         1    ##.....
 Throw Flame              Conj/Fire      #.....       100%        2    ###....
 Conjure Flame            Conj/Fire      #.......     100%        3    ####...
 Inner Flame              Hex/Fire       #.......     100%        3    ####...
 Sticky Flame             Conj/Fire      #.......     100%        4    #####..
 Fireball                 Conj/Fire      #.........   100%        5    ######.


Dungeon Overview and Level Annotations

Branches:
Dungeon (6/15)             Temple (0/1) D:6

Altars:
Trog
Yredelemnul


Innate Abilities, Weirdness & Mutations

You reflexively headbutt those who attack you in melee.
You have a pair of horns on your head.


Message History

You closely miss the wyvern.
You headbutt the wyvern, but do no damage.
The wyvern bites you! x2
You barely miss the wyvern. You block the wyvern's attack.
The wyvern bites you!
You closely miss the wyvern. You headbutt the wyvern.
The wyvern is lightly wounded.
The wyvern misses you. The wyvern bites you!
* * * LOW HITPOINT WARNING * * *
You hit the wyvern. Your headbutt misses the wyvern.
The wyvern is lightly wounded.
You block the wyvern's attack.
You barely miss the wyvern.
The wyvern is lightly wounded.
You block the wyvern's attack. The wyvern bites you!
* * * LOW HITPOINT WARNING * * *
You completely miss the wyvern.
The wyvern is lightly wounded.
You block the wyvern's attack. The wyvern bites you!
You die...

,,,,,* ********** ****,*
*,,,,,,,,** *,***********
*,,,,,,,,,* *,,,,,,,,,,,*
*.#*****,,* *,********#,* *.#
****,,***** ****,* #.* *.#
*,,,,,,,,,* ,,,,,* ####.####.#
*,#*,,***,, **,***
#.).......###.#*,,* *** *,*
#....l@.......%,,,* *,*
#.##.##........,,,* **+**
*,*#,*#..######**,* *,,,**
*,**,*#..# *,* ,,,,,** *,**,*#..#
**,* * ,,,,,,** *,,,,,...# **,,*
**
,,,,,,,****,,,,#####*****,,,****,
,,,,,,,,,,,,,,,,,,,,,,,,,,,,,,,+,
,,,,,,,,,,,,,,,,*******,*,,,****,


You could see a wyvern.

Vanquished Creatures
  An ice beast (D:5)
  A sky beast (D:5)
  A phantom (D:5)
  A bullfrog (D:6)
  A scorpion (D:4)
  A crimson imp (D:5)
  3 hounds
  2 bullfrog skeletons
  An iguana (D:4)
  Ijyb (D:5)
  A worker ant (D:4)
  A hound zombie (D:5)
  A howler monkey skeleton (D:5)
  6 adders
  A shadow imp (D:5)
  2 worms
  A dart slug (D:4)
  7 leopard geckos
  An orc (D:4)
  A ball python (D:2)
  3 bats
  6 giant cockroaches
  3 goblins (D:2)
  5 hobgoblins
  7 jackals (D:1)
  4 quokkas
  3 frilled lizards
  4 kobolds
  A quokka skeleton (D:4)
  6 rats
77 creatures vanquished.

Notes
Turn   | Place    | Note
-------+----------+-------------------------------------------
     0 | D:1      | Peloso the Minotaur Fighter began the quest for the Orb.
     0 | D:1      | Reached XP level 1. HP: 19/19 MP: 0/0
     0 | D:1      | Noticed a tentacled monstrosity
     1 | D:1      | Noticed a large abomination
     1 | D:1      | Noticed an iron dragon
     4 | D:1      | Noticed an ice dragon
     6 | D:1      | Noticed an orb of fire
     7 | D:1      | Noticed a shadow dragon
    11 | D:1      | Noticed a tentacled monstrosity
    11 | D:1      | Noticed an ice dragon
    13 | D:1      | Noticed a green draconian
    13 | D:1      | Noticed an orb of fire
    15 | D:1      | Noticed a shadow dragon
    15 | D:1      | Noticed an ice dragon
    17 | D:1      | Noticed a tentacled monstrosity
    19 | D:1      | Noticed a large abomination
    19 | D:1      | Noticed an ice dragon
    21 | D:1      | Noticed a tentacled monstrosity
   129 | D:1      | Reached XP level 2. HP: 27/27 MP: 1/1
   439 | D:1      | Reached XP level 3. HP: 33/33 MP: 2/2
  1396 | D:3      | Reached XP level 4. HP: 36/40 MP: 3/3
  1892 | D:4      | Reached skill level 1 in Dodging
  1892 | D:4      | Reached skill level 5 in Shields
  2072 | D:4      | Reached XP level 5. HP: 39/46 MP: 4/4
  2656 | D:5      | Entered Level 5 of the Dungeon
  2659 | D:5      | Noticed an ice beast
  2666 | D:5      | Killed an ice beast
  2666 | D:5      | Reached skill level 5 in Armour
  2666 | D:5      | Reached XP level 6. HP: 37/53 MP: 5/5
  2675 | D:5      | Found a bloodstained altar of Trog.
  2707 | D:5      | Reached skill level 5 in Long Blades
  2914 | D:5      | Noticed a sky beast
  2924 | D:5      | Killed a sky beast
  2924 | D:5      | Reached XP level 7. HP: 43/60 MP: 6/6
  3084 | D:5      | Noticed Ijyb
  3093 | D:5      | Killed Ijyb
  3093 | D:5      | Reached skill level 5 in Fighting
  3105 | D:5      | Found a basalt altar of Yredelemnul.
  3340 | D:6      | Noticed a wyvern
  3348 | D:6      | Slain by a wyvern

Skill      XL: |  1  2  3  4  5  6  7 |
---------------+----------------------+-----
Shields        | 4 5 6 |  6.0
Long Blades    | 3 4 5 6 |  6.4
Armour         | 4 5 |  5.9
Fighting       | 4 5 |  5.1
Dodging        | 1 2 |  2.3
Stealth        | |  0.3

Action                   |  1- 3 |  4- 6 |  7- 9 || total
-------------------------+-------+-------+-------++-------
Melee: Long sword        |    95 |    98 |    73 ||   266
       Headbutt          |    15 |    16 |    16 ||    47
  Use: Scroll            |     4 |       |     3 ||     7
 Stab: Distracted        |     1 |       |       ||     1
  Eat: Chunk             |     1 |     4 |     3 ||     8
Armor: Scale mail        |    41 |    22 |    18 ||    81
Dodge: Dodged            |    27 |    31 |    20 ||    78
Block: Shield            |    65 |    47 |    35 ||   147
       Rpst.: Long sword |     6 |    10 |     4 ||    20
